 Dungeon Crawl Stone Soup version 0.31-a0-675-g238779eb0a (webtiles) character file.

Game seed: 17974475781205675541

105 qw the Shooter (level 4, -4/28 HPs)
             Began as a Gargoyle Hunter on Sept 5, 2023.
             Slain by an orc
             ... wielding a +0 flail
              (5 damage)
             ... on level 3 of the Dungeon.
             The game lasted 00:00:40 (1717 turns).

qw the Shooter (Gargoyle Hunter)                    Turns: 1717, Time: 00:00:41

Health: -4/28      AC: 11    Str: 10    XL:     4   Next: 81%
Magic:  4/4        EV: 10    Int:  9    God:
Gold:   89         SH:  0    Dex: 15    Spells: 3/3 levels left

rFire   . . .        Y - +0 shortbow
rCold   . . .        (shield currently unavailable)
rNeg    + + +        e - +0 ring mail
rPois   inf          d - +2 hat
rElec   +            (no cloak)
rCorr   .            (no gloves)
SInv    .            h - +0 pair of boots
Will    +....        (no amulet)
Stlth   +            b - ring of the Lotus Blossom {rElec rN++ Will+ Str-5 Slay+2}
HPRegen 0.24/turn    (no ring)
MPRegen 0.09/turn

%: no passive effects
@: about to teleport
A: sickness immunity, AC +3, negative energy resistance 1, electricity
resistance, torment resistance 1, petrification resistance
a: no special abilities


You were on level 3 of the Dungeon.
You visited 1 branch of the dungeon, and saw 3 of its levels.

You collected 138 gold pieces.
You spent 49 gold pieces at shops.


Innate Abilities, Weirdness & Mutations

You are immune to sickness and miasma.
Your stone body is resilient. (AC +3)
You are immune to poison.
You resist negative energy. (rN+)
You are resistant to electric shocks. (rElec)
You are resistant to unholy torment.
You are immune to petrification.


   Skills:
 - Level 3.3 Fighting
 + Level 5.3 Ranged Weapons
 - Level 1.0 Armour
 - Level 1.5 Dodging
 - Level 1.1 Stealth


You had 3 spell levels left.
You didn't know any spells.
Your spell library was empty.

Inventory:

Hand Weapons
 Y - a +0 shortbow (weapon)
Armour
 d - a +2 hat (worn)
 e - a +0 ring mail (worn)
 g - a scarf of invisibility
 h - a +0 pair of boots (worn)
Jewellery
 b - the ring of the Lotus Blossom (left hand) {rElec rN++ Will+ Str-5 Slay+2}
   (You found it on level 2 of the Dungeon)

   [ring of willpower]

   Str-5:     It affects your strength (-5).
   Slay+2:    It affects your accuracy & damage with ranged weapons and melee
   (+2).
   rElec:     It insulates you from electricity.
   rN++:      It greatly protects you from negative energy.
   Will+:     It increases your willpower.
Scrolls
 f - a scroll of identify
Potions
 a - a potion of curing
 i - a potion of might {unknown}

Dungeon Overview and Level Annotations

Branches:
Dungeon (3/15)

Altars:
Hepliaklqana
Xom

Shops:
D:1 =[[   D:2 (


Message History

The arrow hits the kobold.
You kill the kobold!
The rat closely misses you. The orc barely misses you.
The gnoll hits you with a +0 whip.
A gnoll comes into view. It is wielding a +0 club.
You shoot an arrow. The arrow barely misses the gnoll.
The arrow hits the gnoll.
The gnoll is lightly wounded.
The rat bites you but does no damage. The orc misses you.
The gnoll barely misses you.
You shoot an arrow. The arrow barely misses the gnoll.
The arrow hits the gnoll.
The gnoll is heavily wounded.
The rat bites you. The orc barely misses you.
The gnoll hits you but does no damage. The rat closely misses you.
The orc hits you with a +0 flail.
You shoot an arrow. The arrow hits the gnoll.
The gnoll is lightly wounded.
The gnoll hits you but does no damage. The rat bites you but does no damage.
The orc hits you with a +0 flail.
You shoot an arrow. The arrow hits the gnoll!
The gnoll is severely wounded.
The gnoll closely misses you. The rat bites you but does no damage.
The orc barely misses you. The gnoll barely misses you.
You shoot an arrow. The arrow hits the gnoll!
You kill the gnoll!
The rat bites you but does no damage. The orc barely misses you.
You shoot an arrow. The arrow completely misses the gnoll.
The arrow hits the gnoll but does no damage.
The gnoll is moderately wounded.
The rat bites you but does no damage. The orc barely misses you.
The gnoll barely misses you. The rat completely misses you.
You shoot an arrow. The arrow completely misses the gnoll.
The arrow hits the gnoll!
The gnoll is severely wounded.
The orc hits you with a +0 flail. The gnoll hits you with a +0 whip.
The rat bites you but does no damage. The orc hits you with a +0 flail!
1717 ||| READING scroll of teleportation.
As you read the scroll of teleportation, it crumbles to dust.
You feel strangely unstable. The rat closely misses you.
The orc hits you with a +0 flail.
You die...

#...#...... #...
#.......... ...#
##....#.##>. ... +#
#.....#.###.
..###.###.)..#..# ##
............#.##
........(.##.#####
#.................
.########@###.......######
.......gogr............###
........gg.............##.
.......................##.
..........................
...)...................#.#
..............#...........
..............#..:.....#..
...>..........#........#..


You could see 3 gnolls, an orc, a goblin and a rat.

Vanquished Creatures
  A jelly (D:3)
  A gnoll (D:3)
  2 adders
  2 worms
  A dart slug (D:3)
  2 endoplasms
  3 goblins (D:1)
  4 hobgoblins
  A jackal (D:2)
  5 kobolds
  A quokka (D:2)
  8 ball pythons
  4 bats
  5 frilled lizards
  4 rats
44 creatures vanquished.

Notes
Turn   | Place    | Note
-------+----------+-------------------------------------------
     0 | D:1      | qw the Gargoyle Hunter began the quest for the Orb.
     0 | D:1      | Reached XP level 1. HP: 12/12 MP: 1/1
     0 | D:1      | 0 ||| qw: Version: 0.3-a-75-g829b12e
     0 | D:1      | 0 ||| qw: Game counter: 166
     0 | D:1      | 0 ||| qw: Melee chars always use a shield: true
     0 | D:1      | 0 ||| qw: God list: Okawaru
     0 | D:1      | 0 ||| qw: Allow faded altars: false
     0 | D:1      | 0 ||| qw: Do Orc after clearing Dungeon:15 true
     0 | D:1      | 0 ||| qw: Do second Lair branch before Depths: true
     0 | D:1      | 0 ||| qw: Lair rune preference: random
     0 | D:1      | 0 ||| qw: Goals: Normal
     0 | D:1      | 0 ||| PLANNING D:1-11
   220 | D:1      | Reached XP level 2. HP: 17/17 MP: 2/2
   229 | D:1      | Found Cumimuth's Jewellery Boutique.
   235 | D:1      | 235 ||| SHOPLISTING +4 ring of protection (468 gold, have
                  | 46).
   235 | D:1      | 235 ||| SHOPLISTING ring of fire (325 gold, have 46).
   235 | D:1      | 235 ||| SHOPLISTING ring of ice (325 gold, have 46).
   235 | D:1      | 235 ||| SHOPLISTING ring of protection from cold (325 gold,
                  | have 46).
   235 | D:1      | 235 ||| SHOPLISTING ring of protection from fire (325 gold,
                  | have 46).
   235 | D:1      | 235 ||| SHOPLISTING ring of the Octopus King {rF+ HP+2 AC+2
                  | EV+2 SH+2} (798 gold, have 46).
   344 | D:1      | Found a faded altar of an unknown god.
   471 | D:1      | Found Nuunu's Armour Shoppe.
   481 | D:1      | 481 ||| BUYING +0 pair of boots (49 gold).
   481 | D:1      | Bought a +0 pair of boots for 49 gold pieces
   485 | D:1      | Found Ytexuss's Antique Armour Shoppe.
   612 | D:1      | 612 ||| UPGRADING to +2 hat.
   617 | D:1      | 617 ||| UPGRADING to +0 ring mail.
   627 | D:1      | 627 ||| DROPPING +0 leather armour.
   628 | D:1      | 628 ||| UPGRADING to +0 pair of boots.
   633 | D:1      | 633 ||| READING scroll labelled UCWAASTR VUDWOA.
   634 | D:1      | 634 ||| READING scroll labelled DESUSKUIGH.
   637 | D:1      | 637 ||| DROPPING scroll of butterflies.
   800 | D:2      | Identified the ring of the Lotus Blossom {rElec rN++ Will+
                  | Str-5 Slay+2}
   903 | D:2      | Reached XP level 3. HP: 21/21 MP: 3/3
   992 | D:2      | Reached skill level 1 in Armour
  1199 | D:2      | Reached skill level 5 in Ranged Weapons
  1215 | D:2      | Found Esaan's Weapon Boutique.
  1222 | D:2      | 1222 ||| SHOPLISTING +2 shortbow of flaming (208 gold, have
                  | 50).
  1513 | D:2      | 1513 ||| UPGRADING to ring of the Lotus Blossom {rElec rN++
                  | Will+ Str-5 Slay+2}.
  1514 | D:2      | 1514 ||| READING scroll labelled TEOMEBBA ETWU.
  1515 | D:2      | 1515 ||| READING scroll labelled MAKORR OH DEF.
  1516 | D:2      | 1516 ||| READING 3 scrolls labelled JISHRA OSOZO.
  1517 | D:2      | 1517 ||| READING 2 scrolls of identify.
  1517 | D:2      | 1517 ||| IDENTIFYING coppery potion
  1518 | D:2      | 1518 ||| DROPPING 2 scrolls of fog.
  1527 | D:3      | Found a hazy altar of Hepliaklqana.
  1550 | D:3      | Reached skill level 3 in Fighting
  1550 | D:3      | Reached XP level 4. HP: 28/28 MP: 4/4
  1631 | D:3      | Found a shimmering altar of Xom.
  1701 | D:3      | 1701 ||| Stepping ~*~*~tactically~*~*~ (retreating).
  1702 | D:3      | 1702 ||| Stepping ~*~*~tactically~*~*~ (retreating).
  1703 | D:3      | 1703 ||| Stepping ~*~*~tactically~*~*~ (retreating).
  1704 | D:3      | 1704 ||| Stepping ~*~*~tactically~*~*~ (retreating).
  1705 | D:3      | 1705 ||| Stepping ~*~*~tactically~*~*~ (retreating).
  1716 | D:3      | HP: 1/28 [orc/+0 flail (7)]
  1717 | D:3      | 1717 ||| READING scroll of teleportation.
  1717 | D:3      | Slain by an orc

Levels and vault maps discovered:
D:1:      orjb1_lava_funnel, layout_basic, serial_shops,
          nicolae_shop_gaudy_bauble, shop, nicolae_lakefront_shop,
          shapermc_ecumenical_altar_mp_ritualfount
D:2:      minmay_door_path, layout_basic, serial_shops, nicolae_shop_trees
D:3:      layout_rooms, nicolae_overflow_hidden_temple, lemuel_doored_altar,
          led_sif_pool, uniq_sigmund

Skill      XL: |  1  2  3 |
---------------+----------+-----
Armour         | 1 |  1.0
Ranged Weapons | 5 |  5.3
Fighting       | 3 |  3.3
Dodging        | |  1.5
Stealth        | |  1.1

Action                     |  1- 3 |  4- 6 || total
---------------------------+-------+-------++-------
   Fire: Shortbow          |   120 |    30 ||   150
    Use: Scroll            |     6 |     1 ||     7
 Armour: Leather armour    |     8 |       ||     8
         Ring mail         |    13 |    27 ||    40
  Dodge: Dodged            |    23 |    20 ||    43

Table legend:
 A = Non-vault XP
 B = Vault XP
 C = Vault XP percentage of total XP
 D = Non-vault monster count
 E = Vault monster count
 F = Vault count percentage of total count
                 A         B        C        D         E       F
            +---------+---------+-------+---------+---------+-------
      Total |     143 |       7 |   4.7 |      39 |       5 |  11.4
            +---------+---------+-------+---------+---------+-------
        D:1 |      26 |       0 |   0.0 |      18 |       0 |   0.0
        D:2 |      31 |       7 |  18.4 |      11 |       5 |  31.2
        D:3 |      86 |       0 |   0.0 |      10 |       0 |   0.0
            +---------+---------+-------+---------+---------+-------
